 Dungeon Crawl Stone Soup version 0.18.1-48-g4cf74bf (webtiles) character file.

23 hashmurim the Digger (level 2, 0/15 HPs)
             Began as a Gargoyle Earth Elementalist on Sept 7, 2016.
             Slain by a jackal (1 damage)
             ... on level 1 of the Dungeon.
             The game lasted 00:06:38 (531 turns).

hashmurim the Digger (Gargoyle Earth Elementalist)   Turns: 531, Time: 00:06:38

Health: 0/15       AC:  4    Str: 11    XL:     2   Next: 95%
Magic:  1/5        EV: 12    Int: 15    God:
Gold:   16         SH:  0    Dex: 10    Spells: 1 memorised, 4 levels left

rFire  . . .     SeeInvis .     i - +2 dagger (drain)
rCold  . . .     Gourm    .     a - +0 robe
rNeg   + . .     Faith    .     (no shield)
rPois  ∞         Spirit   .     (no helmet)
rElec  +         Dismiss  .     (no cloak)
rCorr  .         Reflect  .     (no gloves)
SustAt .         Harm     .     (no boots)
MR     .....                    (no amulet)
Stlth  ++........               (no ring)
                                (no ring)

@: not resistant to hostile enchantments, unstealthy
A: negative energy resistance 1, electricity resistance, unbreathing,
petrification resistance, rot immunity, AC +2
a: no special abilities


You were on level 1 of the Dungeon.
You were not hungry.

You visited 1 branch of the dungeon, and saw 1 of its levels.

You collected 16 gold pieces.

Inventory:

Hand Weapons
 g - a +0 whip
 i - a +2 dagger of draining (weapon)
Missiles
 b - 50 stones (quivered)
Armour
 a - a +0 robe (worn)
Books
 c - a book of Geomancy

   Spells                             Type                      Level
   a - Sandblast                      Earth                        1
   b - Passwall                       Transmutation/Earth          2
   c - Stone Arrow                    Conjuration/Earth            3
   d - Petrify                        Transmutation/Earth          4
   e - Lee's Rapid Deconstruction     Earth                        5
Comestibles
 d - a bread ration


   Skills:
 + Level 0.6 Throwing
 + Level 1.8 Dodging
 + Level 2.3 Stealth
 + Level 2.3 Spellcasting
   Level 0.7 Transmutations
 + Level 4.0 Earth Magic


You had 4 spell levels left.
You knew the following spells:

 Your Spells              Type           Power        Failure   Level  Hunger
a - Sandblast             Erth           ##....       4%          1    #......


Dungeon Overview and Level Annotations

Branches:
Dungeon (1/15)

Altars:


Innate Abilities, Weirdness & Mutations

You are resistant to torment.
Your stone body is resilient (AC +2).
You are immune to poison.
You resist negative energy.
You are resistant to electric shocks.
You can survive without breathing.
You are immune to petrification.
You are immune to rotting.


Message History

The jackal bites you but does no damage.
As you read the scroll labeled COHOME JEDO, it crumbles to dust.
You feel blessed for a moment.
It was a scroll of remove curse.
The jackal barely misses you. The jackal closely misses you.
As you read the scroll labeled NORAMN JEYTAAL, it crumbles to dust.
It is a scroll of identify.
Identify which item? (\ to view known items) (? for menu, Esc to quit)
i - a +2 dagger of draining The jackal barely misses you.
You sense an unholy aura.
i - a +2 dagger of draining (weapon)
The jackal bites you but does no damage.
You hit the jackal but do no damage.
The jackal is almost dead.
The jackal bites you.
* * * LOW HITPOINT WARNING * * *
You barely miss the jackal.
The jackal is almost dead.
The jackal bites you.
You die...

##..........## ##.............
####### #..............
#...... #..............
#...... #..............
#...... #..............
#......###..............
#......@hh..............
#......##h..............
#...... ###...#..##.....
#...... #......####.#.#
##########.###..# #).>#
########.........# #..# #.†##
#......#.......### #..####..##
#.............## #....##...#
#.............######.##.##.#.#


You could see 3 jackals.

Vanquished Creatures
  An ooze (D:1)
  A giant gecko (D:1)
  A giant cockroach (D:1)
  A goblin (D:1)
  4 hobgoblins (D:1)
  A jackal (D:1)
  5 kobolds (D:1)
  A bat (D:1)
15 creatures vanquished.

Notes
Turn   | Place    | Note
--------------------------------------------------------------
     0 | D:1      | hashmurim the Gargoyle Earth Elementalist began the quest for the Orb.
     0 | D:1      | Reached XP level 1. HP: 10/10 MP: 3/3
   222 | D:1      | Reached XP level 2. HP: 13/15 MP: 3/5
   298 | D:1      | Reached skill level 4 in Earth Magic
   531 | D:1      | Slain by a jackal

Skill      XL: |  1  2 |
---------------+-------+-----
Earth Magic    | 4 |  4.0
Throwing       | |  0.6
Dodging        | |  1.8
Stealth        | |  2.3
Spellcasting   | |  2.3
Transmutations | |  0.7

Action                   || total
-------------------------++-------
Melee: Unarmed           ||     9
       Whip              ||    27
       Dagger            ||     2
Throw: Stone             ||    18
 Cast: Sandblast         ||    17
  Use: Scroll            ||     2
 Stab: Sleeping          ||     1
Armor: Robe              ||    18
Dodge: Dodged            ||    53
